 Dungeon Crawl Stone Soup version 0.27-a0-1502-g47ed6a6988 (webtiles) character file.

Game seed: 7115077972205972642

62 quinnr the Gusty (level 4, -2/24 HPs)
             Began as a Tengu Air Elementalist on July 8, 2021.
             Slain by an orc priest (7 damage)
             ... on level 4 of the Dungeon.
             The game lasted 00:03:16 (1915 turns).

quinnr the Gusty (Tengu Air Elementalist)           Turns: 1915, Time: 00:03:17

Health: -2/24      AC:  2    Str:  8    XL:     4   Next: 8%
Magic:  3/8        EV: 12    Int: 16    God:
Gold:   82         SH:  0    Dex: 15    Spells: 6/7 levels left

rFire    . . .     SeeInvis .   e - +0 mace
rCold    . . .     Faith    .   (no shield)
rNeg     . . .     Spirit   .   a - +0 robe
rPois    .         Reflect  .   (helmet restricted)
rElec    .         Harm     .   (no cloak)
rCorr    .         Rampage  .   (no gloves)
Will     .....                  (boots unavailable)
Stlth    +.........             (no amulet)
HPRegen  0.08/turn              (no ring)
MPRegen  0.11/turn              (no ring)

@: confused, brilliant, ambrosia-drunk, very slightly contaminated
A: beak, talons 3
a: no special abilities


You were on level 4 of the Dungeon.
You visited 1 branch of the dungeon, and saw 4 of its levels.

You collected 82 gold pieces.

Inventory:

Hand Weapons
 e - a +0 mace (weapon)
Armour
 a - a +0 robe (worn)
Wands
 f - a wand of polymorph (8)
Scrolls
 c - 4 scrolls of identify {unknown}
 d - a scroll of magic mapping {unknown}
Potions
 g - a potion of brilliance


   Skills:
 - Level 2.1 Dodging
 - Level 2.0 Stealth
 - Level 2.0 Spellcasting
 - Level 1.3 Conjurations
 * Level 6.4 Air Magic


You had 6 spell levels left.
You knew the following spells:

 Your Spells              Type           Power      Damage    Failure   Level
a - Shock                 Conj/Air       84%        1d8       4%          1

Your spell library contained the following spells:

 Spells                   Type           Power      Damage    Failure   Level
 Swiftness                Air            33%        N/A       4%          3
 Static Discharge         Conj/Air       21%        N/A       6%          2
 Airstrike                Air            16%        N/A       14%         4


Dungeon Overview and Level Annotations

Branches:
Dungeon (4/15)
 Temple: D:4-7

Altars:

Shops:
D:1 :

Annotations:
D:2 Sigmund


Innate Abilities, Weirdness & Mutations

You have a beak for a mouth.
You have claws for feet.


Message History

The zap hits the orc priest.
The orc priest is moderately wounded.
The orc shouts!
You hear a shout!
The orc priest closely misses you.
The zap hits the orc priest.
The orc priest is heavily wounded.
The zap hits the orc priest.
The orc priest is heavily wounded.
The orc priest calls down the wrath of Beogh upon you.
Pain shoots through your body!
You are too injured to fight recklessly!
Unknown command.
Casting: Shock (safe; 4% risk of failure)
Confirm with . or Enter, or press ? or * to list all spells.
Aiming: Shock (safe; 4% risk of failure)
Press: ? - help, Shift-Dir - straight line, p - orc priest You miscast Shock.
You are very lightly contaminated with residual magic.
Nothing appears to happen.
The orc priest hits you with a +0 hand axe.
Unknown command.
Casting: Shock (safe; 4% risk of failure)
Confirm with . or Enter, or press ? or * to list all spells.
Aiming: Shock (safe; 4% risk of failure)
Press: ? - help, Shift-Dir - straight line The zap misses the orc priest.
The zap hits the orc priest.
The orc priest is heavily wounded.
Unknown command.
Unknown command.
Okay, then.
It was a potion of brilliance.
You feel clever all of a sudden. The orc closely misses you.
The orc priest hits you with a +0 hand axe!
* * * LOW HITPOINT WARNING * * *
It was a potion of ambrosia.
You are confused.
You feel invigorated. The orc closely misses you.
The orc priest hits you with a +0 hand axe!
You die...

........#......<.
.......<.........
.................
..........†......
.......#†<.......
.................
^#......#########
#.#.##o## .....
.. #@o#...... ...
##....$... .#
##....... .......
....... .......
....... .......
.......


You could see an orc priest and an orc.

Vanquished Creatures
  An adder (D:4)
  2 dart slugs
  5 orcs
  5 ball pythons
  4 bats
  2 endoplasms (D:1)
  A giant cockroach (D:1)
  2 goblins (D:1)
  3 hobgoblins (D:3)
  4 jackals (D:3)
  3 kobolds
  2 quokkas
  2 frilled lizards
  4 rats
40 creatures vanquished.

Notes
Turn   | Place    | Note
-------+----------+-------------------------------------------
     0 | D:1      | quinnr the Tengu Air Elementalist began the quest for the
                  | Orb.
     0 | D:1      | Reached XP level 1. HP: 10/10 MP: 4/4
     8 | D:1      | Found Woluacs's Book Emporium.
   208 | D:1      | Reached XP level 2. HP: 15/15 MP: 4/6
   398 | D:1      | You fall into a shaft and drop 1 floor!
   456 | D:2      | Reached skill level 5 in Air Magic
   558 | D:2      | Noticed Sigmund
   909 | D:3      | Reached XP level 3. HP: 11/19 MP: 1/7
  1616 | D:3      | Reached skill level 6 in Air Magic
  1844 | D:4      | Reached XP level 4. HP: 24/24 MP: 2/8
  1914 | D:4      | HP: 2/24 [orc priest (7)]
  1915 | D:4      | Slain by an orc priest

Illustrated notes

Levels and vault maps discovered:
D:1:      ncdulo_lavacross, layout_basic, shapermc_ecumenical_altar_notcrosses,
          serial_shops, shop
D:2:      layout_basic, serial_co_window_serial, co_window_paths_a,
          co_window_corner_a, co_window_of_opportunity_a, co_window_corner_a,
          co_window_corner_a, co_window_unsneaky_path_e,
          co_window_unsneaky_path_e, co_window_corner_b, co_window_broadway_b,
          co_window_2corner, chequers_serial_rivers_micro_a, skrybe_limestone_x,
          uniq_sigmund, uniq_crazy_yiuf_cottage
D:3:      layout_loops_ring
D:4:      layout_rooms, kennysheep_mini

Skill      XL: |  1  2  3 |
---------------+----------+-----
Air Magic      | 5 6 |  6.4
Dodging        | |  2.1
Stealth        | |  2.0
Spellcasting   | |  2.0
Conjurations   | |  1.3

Action                   |  1- 3 |  4- 6 || total
-------------------------+-------+-------++-------
Melee: Mace              |     6 |     2 ||     8
       Kick              |     2 |     2 ||     4
       Peck              |     1 |       ||     1
 Cast: Shock             |    77 |     7 ||    84
Evoke: Wand              |       |     1 ||     1
  Use: Potion            |       |     2 ||     2
Armor: Robe              |     4 |     1 ||     5
Dodge: Dodged            |    19 |     4 ||    23

Table legend: (Time is in decaauts)
 A = Elapsed time spent in this place.
 B = Non-inter-level travel time spent in this place.
 C = Inter-level travel time spent in this place.
 D = Time resting spent in this place.
 E = Time spent auto-exploring this place.
 F = Levels seen in this place.
 G = Mean time per level.
                   A        B        C        D        E       F      G
               +--------+--------+--------+--------+--------+-----+--------+
         Total |   1918 |   1889 |     29 |    285 |   1419 |   4 |  479.5 |
       Dungeon |   1918 |   1889 |     29 |    285 |   1419 |   4 |  479.5 |
               +--------+--------+--------+--------+--------+-----+--------+

Top non-repeatable levels by time:
     D:3: 1309 daAuts
     D:1: 398 daAuts
     D:2: 167 daAuts
     D:4: 43 daAuts
